AoeStats
← Tocino Salvaje

Nomad

506117383Analyzed
2v2 RM · 18d ago on Sep 12, 2026· 47m 25s· 4 players
Game mode
Random Map
Map size
176×176
Population
200
Speed
Normal
Resources
Standard
Victory
Conquest
Starting age
Dark Age
Ending age
Imperial Age
RankedLock teamsTeams togetherTeam positionsShared explorationLock speedFull tech treeHidden civsTurbo modeCheats
Victory
Defeat
🇪🇸 Spanish · Spain
1093
+14
🇪🇸 Japanese · Spain
995
+18
🇩🇪 Persians · Germany
1055
-16
🇩🇪 Japanese · Germany
1052
-16
Tocino Salvaje
5:22 Loom
16:11 Feudal Age
18:51 Double-Bit Axe
20:57 Fishing Lines
23:25 Castle Age
22:59 Scale Barding Armor
23:46 Bloodlines
25:54 Chain Barding Armor
25:49 Fletching
28:00 Pikeman
28:53 Forging
28:46 Scale Mail Armor
35:25 Chain Mail Armor
36:28 Forging
38:49 Squires
41:29 Iron Casting
47:40 Wheelbarrow
47:58 Husbandry
espartakus 0_o
4:26 Loom
13:42 Feudal Age
15:49 Wheelbarrow
15:00 Town Watch
15:09 Double-Bit Axe
16:50 Horse Collar
17:04 Fishing Lines
24:01 Castle Age
22:51 Forging
22:51 Scale Mail Armor
24:04 Fletching
24:56 Stone Mining
25:17 Town Patrol
24:50 Pikeman
25:15 Gambesons
25:31 Squires
25:16 Arson
26:00 Gold Mining
27:08 Bow Saw
28:53 Chain Mail Armor
29:14 Iron Casting
28:44 Bodkin Arrow
28:49 Gillnets
29:16 Demolition Ship
36:01 Imperial Age
33:59 Murder Holes
38:55 Blast Furnace
40:42 Two-Man Saw
41:43 Ballistics
42:11 Yasama
43:46 Conscription
Jumala
4:59 Loom
13:06 Feudal Age
14:13 Double-Bit Axe
17:46 Fletching
20:00 Padded Archer Armor
21:38 Padded Archer Armor
24:30 Castle Age
25:02 Crossbowman
25:48 Thumb Ring
25:55 Bodkin Arrow
26:01 Padded Archer Armor
26:24 Medium Warships
27:46 Gold Mining
27:40 Horse Collar
29:31 Leather Archer Armor
30:52 Bow Saw
31:36 Ballistics
33:04 Town Watch
34:50 Stone Mining
37:13 Wheelbarrow
38:20 Hand Cart
38:28 Forging
38:19 Scale Mail Armor
38:59 Gold Shaft Mining
42:46 Imperial Age
40:46 Chain Mail Armor
41:55 Iron Casting
41:29 Town Patrol
43:01 Arbalester
44:15 Elite Samurai
lucky
12:05 Feudal Age
10:24 Loom
12:49 Double-Bit Axe
16:16 Horse Collar
20:31 Castle Age
18:53 Forging
18:49 Scale Barding Armor
18:40 Gold Mining
19:59 Bloodlines
21:38 Wheelbarrow
21:22 Husbandry
26:32 Iron Casting
30:10 Heavy Plow
Connection lost

Rejoining the realm…

Still unreachable

The connection could not be restored.

Session expired

The server has moved on; the page needs a fresh start.